 Seeded DCSS version 0.31-a0-149-g3fdcc5976a (webtiles) character file.

Game seed: 13756538122855080540 (custom seed)

36 Pimp the Sneak (level 3, 16/16 HPs)
             Began as a Spriggan Venom Mage on June 7, 2023.
             Quit the game on level 2 of the Dungeon.
             The game lasted 00:02:54 (1376 turns).

Pimp the Sneak (Spriggan Venom Mage)                Turns: 1376, Time: 00:02:54

Health: 16/16      AC:  2    Str:  6    XL:     3   Next: 19%
Magic:  8/8        EV: 18    Int: 16    God:
Gold:   60         SH:  0    Dex: 18    Spells: 7/8 levels left

rFire   . . .        (weapon restricted)
rCold   . . .        (no shield)
rNeg    . . .        a - +0 robe
rPois   .            (helmet restricted)
rElec   .            e - scarf "Zuimep" {shadows, rCorr Dex+3}
rCorr   +            (gloves unavailable)
SInv    +            (boots unavailable)
Will    .....        (no amulet)
Stlth   +++          (no ring)
HPRegen 0.22/turn    (no ring)
MPRegen 0.11/turn

%: no passive effects
@: very quick
A: very small, no large weapons, unfitting armour, see invisible, speed 3
a: no special abilities


You were on level 2 of the Dungeon.
You visited 1 branch of the dungeon, and saw 2 of its levels.

You collected 60 gold pieces.

Inventory:

Armour
 a - a +0 robe (worn)
 e - the scarf "Zuimep" (worn) {shadows, rCorr Dex+3}
   (You acquired it on level 2 of the Dungeon)

   Dex:       It affects your dexterity (+3).
   rCorr:     It protects you from acid and corrosion.
 f - an orb of guile
Potions
 b - a potion of magic
 c - a potion of curing {unknown}
 d - 2 potions of enlightenment {unknown}
 g - 2 potions of haste {unknown}


   Skills:
 + Level 3.2 Dodging
 + Level 3.7 Stealth
 + Level 3.1 Spellcasting
 + Level 2.2 Transmutations
 + Level 3.2 Poison Magic


You had 7 spell levels left.
You knew the following spells:

 Your Spells              Type           Power      Damage    Failure   Level
a - Sting                 Tmut/Pois      44%        1d5       6%          1

Your spell library contained the following spells:

 Spells                   Type           Power      Damage    Failure   Level
 Poisonous Vapours        Pois/Air       14%        N/A       14%         2
 Blink                    Tloc           4%         N/A       28%         2
 Lesser Beckoning         Tloc           4%         N/A       28%         2
 Momentum Strike          Conj/Tloc      4%         3d8       28%         2
 Mephitic Cloud           Conj/Pois/Air  6%         N/A       34%         3
 Olgreb's Toxic Radiance  Pois           13%        N/A       43%         4


Dungeon Overview and Level Annotations

Branches:
Dungeon (2/15)

Altars:


Innate Abilities, Weirdness & Mutations

You are very small and have problems with some larger weapons.
You are too small for most types of armour.
You have supernaturally acute eyesight. (SInv)
You cover ground extremely quickly. (Speed+++)


Message History

The sting hits the ball python.
The ball python is poisoned.
You kill the ball python!
You can't see any susceptible monsters within range! (Use Z to cast anyway.)
You can't see any susceptible monsters within range! (Use Z to cast anyway.) No target in view!
An adder comes into view.
The adder hisses angrily.
An adder is nearby!
An adder is nearby!
There is a faded altar of an unknown god here.
The sting hits the adder.
The adder is poisoned.
The adder is lightly wounded.
The sting hits the adder.
The adder looks even sicker.
The adder is moderately wounded.
The adder bites you.
The sting hits the adder but does no damage.
The adder looks even sicker.
The adder is moderately wounded.
The adder completely misses you. x2
The sting hits the adder.
The adder looks as sick as possible!
The adder is severely wounded.
The adder bites you.
The sting misses the adder.
You kill the adder!
You have reached level 3!
Your experience leads to an increase in your attributes!
Increase (S)trength, (I)ntelligence, or (D)exterity?
You feel stronger. x2
HP restored.
Found 4 stones.
This is a scroll of acquirement!
Something appears at your feet!
e - the scarf "Zuimep" {shadows, rCorr Dex+3} You start putting on your armour.
You continue putting on the scarf "Zuimep" {shadows, rCorr Dex+3}. x4
You finish putting on the scarf "Zuimep" {shadows, rCorr Dex+3}.
It gets dark.
You feel agile.
Unknown command.
Are you sure you want to abandon this character and quit the game? (Confirm with "yes".)

#.........#####.
.. #.....##..#
....####.#...#...#
......._..†#.#.#.#
....###..#..... .#
.. ##.###.#####
..( ##.....#
.....###....###
#....@....#
##..####### ....
.... ... .. .


There were no monsters in sight!

Vanquished Creatures
  An adder (D:2)
  2 dart slugs
  5 ball pythons
  2 bats (D:1)
  An endoplasm (D:1)
  A giant cockroach (D:1)
  2 goblins (D:1)
  2 hobgoblins (D:1)
  A kobold (D:1)
  5 rats (D:1)
22 creatures vanquished.

Notes
Turn   | Place    | Note
-------+----------+-------------------------------------------
     0 | D:1      | Pimp the Spriggan Venom Mage began the quest for the Orb.
     0 | D:1      | Reached XP level 1. HP: 9/9 MP: 5/5
   281 | D:1      | Reached XP level 2. HP: 13/13 MP: 4/6
  1291 | D:2      | Found a faded altar of an unknown god.
  1312 | D:2      | Reached XP level 3. HP: 10/16 MP: 2/8
  1369 | D:2      | Identified a scroll of acquirement
  1369 | D:2      | Acquired the scarf "Zuimep" {shadows, rCorr Dex+3}
  1376 | D:2      | Quit the game

Illustrated notes

Levels and vault maps discovered:
D:1:      scummos_arrival_star, layout_basic
D:2:      layout_basic, basic_altar, basic_ecumenical_altar, grunt_decor_cap

Skill      XL: |  1  2 |
---------------+-------+-----
Dodging        | 3 |  3.2
Spellcasting   | 3 |  3.1
Transmutations | 2 |  2.2
Stealth        | |  3.7
Poison Magic   | |  3.2

Action                     || total
---------------------------++-------
   Cast: Sting             ||    38
    Use: Scroll            ||     1
 Armour: Robe              ||     2
  Dodge: Dodged            ||     8

Table legend: (Time is in decaauts)
 A = Elapsed time spent in this place.
 B = Non-inter-level travel time spent in this place.
 C = Inter-level travel time spent in this place.
 D = Time resting spent in this place.
 E = Time spent auto-exploring this place.
 F = Levels seen in this place.
 G = Mean time per level.
                   A        B        C        D        E       F      G
               +--------+--------+--------+--------+--------+-----+--------+
         Total |   1020 |    986 |     34 |      0 |    870 |   2 |  510.0 |
       Dungeon |   1020 |    986 |     34 |      0 |    870 |   2 |  510.0 |
               +--------+--------+--------+--------+--------+-----+--------+

Top non-repeatable levels by time:
     D:1: 885 daAuts
     D:2: 134 daAuts
